[Event "Team 45 45 League T56"]
[Site "Internet Chess Club"]
[Date "2013.04.02"]
[Round "6"]
[White "creditordebit"]
[Black "RedAttack"]
[Result "1-0"]
[WhiteElo "1918"]
[BlackElo "1850"]
[Opening "Petrov: Cochrane gambit"]
[ECO "C42"]
[Time "10:11:59"]
[TimeControl "2700+45"]

1. e4 e5 2. Nf3 Nf6 3. Nxe5 d6 4. Nxf7 Kxf7 5. Bc4+ Be6 6. Bxe6+ Kxe6 7. d4 Kf7
8. O-O Nxe4 9. Qh5+ g6 10. Qd5+ Kg7 11. Qxe4 Nc6 12. c4 Qe7 13. Qd3 Rg8 14. b3
Kh8 15. Nc3 Bg7 16. Nd5 Qf7 17. Bb2 Rae8 18. Rae1 Rxe1 19. Rxe1 Rf8 20. f3 h6
21. Bc3 a6 22. Re2 Kh7 23. Re4 Qd7 24. Rg4 Qf5 25. Qxf5 gxf5 26. Rf4 Rf7 27. g4
Kg6 28. Kf2 fxg4 29. Rxg4+ Kh7 30. Ke3 Nd8 31. Re4 c6 32. Nf4 c5 33. Ne6 Nxe6
34. Rxe6 cxd4+ 35. Bxd4 Bxd4+ 36. Kxd4 Rxf3 37. Re7+ Kg6 38. Rxb7 Rf2 39. Rb6
Rxa2 40. Rxd6+ Kg5 41. c5 Rxh2 42. c6 Rc2 43. Rd5+ Kg4 44. Rc5 Rd2+ 45. Ke3 Rd8
46. c7 Rc8 47. Kd4 h5 48. Kd5 h4 49. Kc6 h3 50. Kb7 h2 51. Rc1 {Black resigns}
1-0

[Event "Team 45 45 League T56"]
[Site "Internet Chess Club"]
[Date "2013.04.01"]
[Round "6"]
[White "frank001"]
[Black "fishhead"]
[Result "1-0"]
[WhiteElo "1859"]
[BlackElo "1890"]
[Opening "Sicilian: Canal-Sokolsky (Nimzovich-Rossolimo, Moscow) attack"]
[ECO "B51"]
[Time "08:01:19"]
[TimeControl "2700+45"]

1. e4 c5 2. Nf3 d6 3. Bb5+ Nd7 4. d4 cxd4 5. Qxd4 e5 6. Qd3 Be7 7. Nc3 Nf6 8.
Bg5 O-O 9. Bxd7 Qxd7 10. Bxf6 Bxf6 11. Rd1 Rd8 12. Nd5 Be7 13. O-O Bf8 14. Nd2
b5 15. f4 Qc6 16. f5 Bb7 17. Kh1 Rac8 18. c3 Qe8 19. Nb3 f6 20. Rf3 Rc4 21. Rg3
Bxd5 22. Qxd5+ Qf7 23. Qd3 Ra4 24. Nc1 Qc4 25. Qf3 Qxe4 26. Qh5 Qh4 27. Qf3 Re4
28. Qd3 b4 29. Qd5+ Kh8 30. Nd3 bxc3 31. bxc3 Qh5 32. Nc5 Rh4 33. h3 Qxf5 34.
Ne6 Re8 35. Nxf8 Rxf8 36. Qxd6 Rg8 37. Qe7 g5 38. Qxa7 h5 39. Rgd3 g4 40. Rd8
Qg6 41. Rxg8+ Qxg8 42. Qe7 Qg7 43. Qd8+ {Black resigns} 1-0

[Event "Team 45 45 League T56"]
[Site "Internet Chess Club"]
[Date "2013.03.29"]
[Round "6"]
[White "chrisgianno"]
[Black "Portola"]
[Result "0-1"]
[WhiteElo "1669"]
[BlackElo "1813"]
[Opening "Torre attack (Tartakower variation)"]
[ECO "D03"]
[Time "08:26:50"]
[TimeControl "2700+45"]

1. d4 d5 2. Nf3 Nf6 3. Bg5 e6 4. e3 Be7 5. Bd3 O-O 6. O-O Nbd7 7. Nbd2 c5 8. c3
b6 9. e4 dxe4 10. Nxe4 Bb7 11. Re1 Rc8 12. Nxf6+ Nxf6 13. Ne5 cxd4 14. cxd4 g6
15. Qd2 Qxd4 16. Bh6 Rfe8 17. Rad1 Rcd8 18. Nxf7 Qd5 19. Qg5 Qxg5 20. Nxg5 Ng4
21. Nxe6 Rxd3 22. Rxd3 Bc5 23. Be3 Rxe6 24. Rd8+ Kf7 25. Rd7+ Re7 26. Rxe7+ Bxe7
27. Bd4 Nf6 28. f3 Nd7 29. Kf2 Nc5 30. Rd1 Ba6 31. Kg3 h5 32. Bxc5 h4+ 33. Kf4
g5+ 34. Ke5 Bf6+ 35. Kd6 bxc5 36. Kxc5 Be7+ 37. Kc6 Bc4 38. b3 Be6 39. Rd4 a5
40. g3 hxg3 41. hxg3 Kf6 42. Kb5 Bb4 43. Re4 Kf5 44. Rd4 Kf6 45. Kc6 Bf5 46. f4
g4 47. a3 Bxa3 48. Rd8 Bb4 49. Kd5 Be6+ 50. Ke4 Bxb3 51. Rh8 Bc2+ 52. Kd5 Bb3+
53. Ke4 a4 54. Rb8 Be1 55. Rf8+ Kg7 56. Ra8 Bf2 57. Kf5 Bd1 58. Kg5 Bd4 59. Ra6
Bc5 60. Ra5 Be7+ 61. Kf5 a3 62. Ke6 Bb4 63. Ra7+ Kg8 64. Kf6 Bb3 65. Kg5 Be6 66.
f5 Bf7 67. Kxg4 a2 68. Kg5 Bc3 69. g4 a1=Q 70. Rxa1 Bxa1 71. f6 Be8 {White
forfeits on time} 0-1

[Event "Team 45 45 League T56"]
[Site "Internet Chess Club"]
[Date "2013.04.01"]
[Round "6"]
[White "Juan73"]
[Black "jps7"]
[Result "1-0"]
[WhiteElo "1682"]
[BlackElo "1800"]
[Opening "French: exchange variation"]
[ECO "C01"]
[Time "20:09:48"]
[TimeControl "2700+45"]

1. e4 e6 2. d4 d5 3. exd5 exd5 4. Nc3 Nf6 5. Nf3 Be7 6. Bf4 a6 7. Bd3 O-O 8. Qd2
b6 9. O-O-O Bb7 10. g4 Nxg4 11. Rhg1 Nf6 12. Bh6 g6 13. Bxf8 Qxf8 14. Ne5 Ne4
15. Bxe4 dxe4 16. Qe2 Qh6+ 17. Kb1 f5 18. Qc4+ Kg7 19. Qf7+ Kh8 20. Qxe7 Nc6 21.
Nf7+ Kg7 22. Qxc7 Qxh2 23. Qxh2 Kxf7 24. Qxh7+ Kf6 {Black resigns} 1-0

[Event "Team 45 45 League T56"]
[Site "Internet Chess Club"]
[Date "2013.03.30"]
[Round "6"]
[White "zap2"]
[Black "ghostfire"]
[Result "1-0"]
[WhiteElo "1800"]
[BlackElo "1673"]
[Opening "Réti: King's Indian attack (Barcza system)"]
[ECO "A07"]
[Time "10:08:09"]
[TimeControl "2700+45"]

1. Nf3 d5 2. g3 Nf6 3. Bg2 c6 4. d3 g6 5. Nbd2 Bg7 6. O-O O-O 7. Re1 Bg4 8. h3
Bd7 9. e4 dxe4 10. dxe4 Qc8 11. Kh2 Re8 12. Qe2 Na6 13. c3 Qc7 14. Nc4 b5 15.
Bf4 Qb7 16. Nce5 Rad8 17. Nxd7 Rxd7 18. e5 Nd5 19. e6 fxe6 20. Qxe6+ Kh8 21. Ng5
h6 22. Qxg6 hxg5 23. Qxe8+ Kh7 24. Be4+ {Black resigns} 1-0

[Event "Team 45 45 League T56"]
[Site "Internet Chess Club"]
[Date "2013.04.02"]
[Round "6"]
[White "Frankly"]
[Black "latayvia"]
[Result "1-0"]
[WhiteElo "1860"]
[BlackElo "1843"]
[Opening "QGD Slav"]
[ECO "D11"]
[Time "13:23:52"]
[TimeControl "2700+45"]

1. d4 d5 2. c4 c6 3. Nf3 Nf6 4. e3 e6 5. Nbd2 c5 6. Bd3 a6 7. O-O Nbd7 8. b3
cxd4 9. exd4 b6 10. Re1 Be7 11. Bb2 O-O 12. Rc1 Nh5 13. Qc2 g6 14. g3 Bb7 15.
cxd5 Rc8 16. Qb1 exd5 17. Rxc8 Bxc8 18. Ne5 Ng7 19. Nc6 Qc7 20. Nxe7+ Kh8 21.
Nxd5 Qd6 22. Ne3 b5 23. d5 f5 24. Qa1 Nf6 25. Rc1 Bb7 26. Nf3 Kg8 27. a4 Nge8
28. axb5 Nxd5 29. Nxd5 Rf7 30. Bc4 axb5 31. Ba3 Qc6 32. Ne7+ {Black resigns} 1-0

[Event "Team 45 45 League T56"]
[Site "Internet Chess Club"]
[Date "2013.03.28"]
[Round "6"]
[White "badmove"]
[Black "Electryon"]
[Result "1-0"]
[WhiteElo "1649"]
[BlackElo "1465"]
[Opening "Dutch defense"]
[ECO "A90"]
[Time "09:10:28"]
[TimeControl "2700+45"]

1. d4 e6 2. c4 f5 3. g3 Nf6 4. Bg2 c6 5. Nf3 d5 6. O-O Bd6 7. b3 Qe7 8. Ne5 O-O
9. Bb2 b6 10. cxd5 Nxd5 11. Nc4 b5 12. Nxd6 Qxd6 13. Ba3 b4 14. Bb2 Bb7 15. Qd2
a5 16. f3 f4 17. g4 c5 18. dxc5 Qxc5+ 19. Bd4 Qb5 20. Rc1 Nd7 21. e4 e5 22. Bf1
{Black resigns} 1-0

[Event "Team 45 45 League T56"]
[Site "Internet Chess Club"]
[Date "2013.03.28"]
[Round "6"]
[White "lacibacsi"]
[Black "adypady"]
[Result "0-1"]
[WhiteElo "1981"]
[BlackElo "1958"]
[Opening "French: advance variation"]
[ECO "C02"]
[Time "17:02:18"]
[TimeControl "2700+45"]

1. e4 e6 2. d4 d5 3. e5 b6 4. Nf3 c5 5. c3 Qd7 6. Na3 Ba6 7. Bxa6 Nxa6 8. Qe2
Nc7 9. Nc2 c4 10. O-O b5 11. Bd2 Ne7 12. Nh4 Nc6 13. f4 Be7 14. Nf3 a5 15. a3
Rb8 16. Ne3 b4 17. axb4 axb4 18. g4 f5 19. gxf5 exf5 20. Ng5 Bxg5 21. Qh5+ g6
22. Qxg5 O-O 23. h4 Ne6 24. Qg2 Rb5 25. h5 Kg7 26. Ra6 Qb7 27. Ra4 bxc3 28. bxc3
Ne7 29. Be1 Rb2 30. Rf2 Rb1 31. Nc2 Kh8 32. h6 g5 33. Rf1 Rg8 34. Kh2 Nxf4 35.
Qd2 Qc6 36. Ra7 Qxh6+ {White resigns} 0-1

[Event "Team 45 45 League T56"]
[Site "Internet Chess Club"]
[Date "2013.04.01"]
[Round "6"]
[White "DutchBird"]
[Black "mitus"]
[Result "1-0"]
[WhiteElo "1581"]
[BlackElo "1731"]
[Opening "Two knights defense (Modern bishop's opening)"]
[ECO "C24"]
[Time "17:00:38"]
[TimeControl "2700+45"]

1. e4 e5 2. Bc4 Nf6 3. d3 Nc6 4. Nf3 d6 5. Ng5 d5 6. exd5 Na5 7. Bb5+ c6 8. dxc6
bxc6 9. Ba4 Qd4 10. c3 Qb6 11. O-O Bd6 12. Nd2 O-O 13. b4 Nb7 14. Nc4 Qc7 15.
Nxd6 Qxd6 16. Ne4 Nxe4 17. dxe4 Qg6 18. Re1 Bg4 19. Qd3 Rad8 20. Qa6 Bh3 21. Qf1
Rd6 22. Kh1 Bg4 23. Be3 Rfd8 24. f3 Bc8 25. Rad1 Qe6 26. Bb3 Qe7 27. Rxd6 Rxd6
28. Rd1 a5 29. Rxd6 Qxd6 30. Qd1 Qe7 31. a3 Be6 32. Bxe6 fxe6 33. Kg1 Qc7 34.
Qd3 axb4 35. cxb4 Kf7 36. a4 Nd6 37. Kf2 h6 38. Bc5 Nb7 39. Be3 Nd6 40. Qc3
{Black forfeits on time} 1-0

[Event "Team 45 45 League T56"]
[Site "Internet Chess Club"]
[Date "2013.03.29"]
[Round "6"]
[White "Egmont"]
[Black "Altairus"]
[Result "0-1"]
[WhiteElo "1710"]
[BlackElo "1710"]
[Opening "Ruy Lopez: exchange, Gligoric variation"]
[ECO "C69"]
[Time "04:11:01"]
[TimeControl "2700+45"]

1. e4 e5 2. Nf3 Nc6 3. Bb5 a6 4. Bxc6 dxc6 5. O-O f6 6. d4 exd4 7. Qxd4 Qxd4 8.
Nxd4 c5 9. Nf5 g6 10. Ng3 Bd6 11. f4 Ne7 12. Be3 b6 13. c4 Bb7 14. Nc3 O-O 15.
Rad1 Nc6 16. Nd5 Rae8 17. a3 Na5 18. Nxb6 Bxe4 19. Nxe4 Rxe4 20. Bc1 Nxc4 21.
Nxc4 Rxc4 22. Rde1 Kf7 23. g3 Re8 24. Rxe8 Kxe8 25. Re1+ Kd7 26. b3 Rc3 27. b4
cxb4 28. axb4 Bxb4 29. Bb2 Rxg3+ 30. hxg3 Bxe1 31. Bxf6 Bxg3 {White resigns} 0-1

[Event "Team 45 45 League T56"]
[Site "Internet Chess Club"]
[Date "2013.03.29"]
[Round "6"]
[White "TerryMalloy"]
[Black "jjimalo"]
[Result "1-0"]
[WhiteElo "1986"]
[BlackElo "1874"]
[Opening "Sicilian: Najdorf, 7...Be7 main line"]
[ECO "B99"]
[Time "12:00:43"]
[TimeControl "2700+45"]

1. e4 c5 2. Nf3 d6 3. d4 cxd4 4. Nxd4 Nf6 5. Nc3 a6 6. Bg5 e6 7. f4 Be7 8. Qf3
Qc7 9. O-O-O Nbd7 10. g4 b5 11. Bxf6 Nxf6 12. g5 Nd7 13. f5 Bxg5+ 14. Kb1 Nc5
15. Qh5 Qd8 16. Bg2 O-O 17. h4 Bf6 18. e5 dxe5 19. Nxe6 {Black resigns} 1-0

[Event "Team 45 45 League T56"]
[Site "Internet Chess Club"]
[Date "2013.03.31"]
[Round "6"]
[White "room-matt"]
[Black "MeWantCookie"]
[Result "0-1"]
[WhiteElo "1755"]
[BlackElo "2013"]
[Opening "Richter-Veresov attack"]
[ECO "D01"]
[Time "01:13:17"]
[TimeControl "2700+45"]

1. d4 Nf6 2. Nc3 d5 3. Bg5 e6 4. e3 Be7 5. Bd3 h6 6. Bf4 a6 7. Nf3 Nbd7 8. O-O
O-O 9. Ne5 c5 10. Be2 Nxe5 11. Bxe5 Bd7 12. Bf3 Bc6 13. Ne2 Rc8 14. c3 Bd6 15.
Bg3 b5 16. Rc1 c4 17. b4 a5 18. a3 Ra8 19. Ra1 Qe7 20. Qc2 Nh7 21. Rfe1 Ng5 22.
Bg4 Ra7 23. f3 Rfa8 24. Qb2 Bxg3 25. Nxg3 g6 26. f4 Nh7 27. Bf3 Nf6 28. Rf1 h5
29. h3 Ra6 30. Be2 h4 31. Nh1 Qa7 32. Rfb1 axb4 33. Qxb4 Rxa3 34. Rxa3 Qxa3 35.
Nf2 Qxb4 36. cxb4 Ra3 37. Nd1 Ne4 38. Bf1 Kg7 39. Rc1 Rb3 40. Ra1 Rxb4 41. Ra6
Rb1 {White resigns} 0-1

[Event "Team 45 45 League T56"]
[Site "Internet Chess Club"]
[Date "2013.03.29"]
[Round "6"]
[White "IshanR"]
[Black "az2112"]
[Result "1-0"]
[WhiteElo "1799"]
[BlackElo "1617"]
[Opening "Pirc: Austrian attack, 6.Bd3"]
[ECO "B09"]
[Time "23:17:23"]
[TimeControl "2700+45"]

1. e4 d6 2. d4 Nf6 3. Nc3 g6 4. f4 Bg7 5. Nf3 O-O 6. Bd3 c6 7. Be3 b5 8. O-O b4
9. Ne2 a5 10. a3 Bb7 11. Ng3 Nbd7 12. Qd2 Ng4 13. c3 c5 14. dxc5 bxc3 15. bxc3
Nxe3 16. Qxe3 Nxc5 17. Rab1 Qc7 18. Nd4 Nxd3 19. Qxd3 Ba6 20. Nb5 Qc5+ 21. Kh1
Bxb5 22. Rxb5 Qxa3 23. Ne2 Rfc8 24. Rfb1 Bxc3 25. R5b3 {Black resigns} 1-0

[Event "Team 45 45 League T56"]
[Site "Internet Chess Club"]
[Date "2013.03.27"]
[Round "6"]
[White "przechrzczony"]
[Black "DARKwizard1"]
[Result "1-0"]
[WhiteElo "2080"]
[BlackElo "1999"]
[Opening "Three knights game"]
[ECO "C46"]
[Time "22:02:03"]
[TimeControl "2700+45"]

1. e4 Nc6 2. Nf3 e5 3. Nc3 Bc5 4. g3 Nge7 5. Bg2 d6 6. O-O O-O 7. d3 f5 8. Na4
Bb6 9. Nxb6 axb6 10. c3 Ng6 11. Ng5 h6 12. Qb3+ d5 13. exf5 Nge7 14. Ne6 Bxe6
15. fxe6 Qd6 16. d4 exd4 17. Re1 Rae8 18. Qd1 dxc3 19. bxc3 Qc5 20. Be3 Qxc3 21.
Rc1 Qf6 22. Bf4 g5 23. Bxc7 Qxf2+ 24. Kh1 Ra8 25. Rc2 Qd4 26. Rd2 Qc4 27. Rc2
Qb5 28. Bd6 Rad8 29. Rxc6 Nxc6 30. Bxf8 Rxf8 31. e7 Re8 32. Bxd5+ Kg7 33. Qf3
Rxe7 34. Rxe7+ Nxe7 35. Qf7+ Kh8 36. Qf8+ Kh7 37. Qxe7+ {Black resigns} 1-0

[Event "Team 45 45 League T56"]
[Site "Internet Chess Club"]
[Date "2013.03.29"]
[Round "6"]
[White "Otelo"]
[Black "O00O"]
[Result "1-0"]
[WhiteElo "1796"]
[BlackElo "1914"]
[Opening "Pirc defense"]
[ECO "B07"]
[Time "18:00:10"]
[TimeControl "2700+45"]

1. e4 d6 2. d4 Nf6 3. Nc3 g6 4. Be3 c6 5. f3 b5 6. Qd2 Bb7 7. g4 Qc7 8. Nge2 h6
9. Ng3 Nbd7 10. h4 a6 11. O-O-O O-O-O 12. Bh3 Bg7 13. Qf2 Kb8 14. Rhe1 c5 15. e5
cxd4 16. exd6 Qxd6 17. Bxd4 Qf4+ 18. Kb1 e5 19. Ba7+ Ka8 20. Nge4 Nxe4 21. Nxe4
Nf6 22. Bg2 Nxe4 23. fxe4 Rxd1+ 24. Rxd1 Qxg4 25. Bf3 Qe6 26. Bc5 Rc8 27. b4 Bf8
28. Bxf8 Rxf8 29. Qc5 Rc8 30. Qf2 Qc4 31. a3 Qc7 32. Qd2 h5 33. Qd3 Qe7 34. Rf1
Rd8 35. Qb3 Rd4 36. Kb2 Bc8 37. Qc3 Rc4 38. Qd3 Be6 39. Be2 Kb7 40. Qg3 Ka7 41.
Bxc4 Bxc4 42. Rd1 Qe6 43. Qe3+ Kb7 44. Qc5 Qc8 45. Qe7+ {Black resigns} 1-0

[Event "Team 45 45 League T56"]
[Site "Internet Chess Club"]
[Date "2013.04.04"]
[Round "6"]
[White "chess09"]
[Black "Inquisiteur"]
[Result "1-0"]
[WhiteElo "1911"]
[BlackElo "1682"]
[Opening "Queen's pawn game"]
[ECO "E10"]
[Time "16:59:15"]
[TimeControl "2700+45"]

1. d4 Nf6 2. c4 e6 3. Nf3 c5 4. e3 d5 5. cxd5 exd5 6. Nc3 Nc6 7. Be2 cxd4 8.
Nxd4 Bd6 9. O-O O-O 10. b3 a6 11. Bb2 Re8 12. Bf3 Bc7 13. Rc1 Qd6 14. g3 Ne5 15.
Bg2 Bd7 16. h3 h5 17. Nf3 Nxf3+ 18. Qxf3 h4 19. Nxd5 Nxd5 20. Qxd5 hxg3 21. Qxd6
Bxd6 22. Bxb7 Ra7 23. Bg2 Bb5 24. Rfd1 gxf2+ 25. Kxf2 Be7 26. Bc6 Bxc6 27. Rxc6
Bg5 28. Bd4 Rae7 29. Rd3 Re6 30. Rdc3 Kh7 31. b4 Bh4+ 32. Kf3 Be1 33. Rxe6 Rxe6
34. Rc7 Kg6 35. a3 f6 36. Ke2 Bg3 37. Ra7 Bb8 38. Rb7 Bg3 39. a4 Kh6 40. b5 axb5
41. axb5 Be5 42. Kd3 Bxd4 43. Kxd4 f5 44. Rc7 Re4+ 45. Kd3 Rb4 46. Rc5 f4 47.
exf4 Rxf4 48. b6 Rb4 49. Rc6+ Kg5 50. Kc3 Rb1 51. Kc4 Kh4 52. Kc5 Kxh3 53. Rg6
Rc1+ 54. Kb5 {Black resigns} 1-0

[Event "Team 45 45 League T56"]
[Site "Internet Chess Club"]
[Date "2013.03.29"]
[Round "6"]
[White "Goli"]
[Black "typhoon"]
[Result "1-0"]
[WhiteElo "1890"]
[BlackElo "1639"]
[Opening "Ruy Lopez: exchange variation, 5.O-O"]
[ECO "C68"]
[Time "18:14:43"]
[TimeControl "2700+45"]

1. e4 e5 2. Nf3 Nc6 3. Bb5 a6 4. Bxc6 dxc6 5. O-O Bg4 6. h3 Bxf3 7. Qxf3 Nf6 8.
d3 Be7 9. Nd2 b5 10. Qf5 Qd6 11. Nf3 Nd7 12. Qg4 Qg6 13. Qxg6 hxg6 14. Be3 f5
15. Bg5 Rh5 16. Bxe7 Kxe7 17. exf5 gxf5 18. Rfe1 Kf6 19. Re2 c5 20. Rae1 Re8 21.
a3 a5 22. b3 g5 23. Kf1 g4 24. Ng1 Nf8 25. f4 Ng6 26. fxe5+ Rxe5 27. Rxe5 Nxe5
28. Kf2 f4 29. hxg4 Nxg4+ 30. Kf3 Kf5 31. Nh3 Ne5+ 32. Kf2 f3 33. Ng1 fxg2 34.
Kxg2 Rg5+ 35. Kf1 Rxg1+ 36. Kxg1 Nf3+ 37. Kf2 Nxe1 38. Kxe1 Kf4 39. Ke2 b4 40.
a4 Kg3 41. d4 Kf4 42. Kd3 Kf3 43. dxc5 c6 44. c3 bxc3 45. Kxc3 Ke4 {Black
resigns} 1-0

[Event "Team 45 45 League T56"]
[Site "Internet Chess Club"]
[Date "2013.03.30"]
[Round "6"]
[White "nurmi"]
[Black "fledermaus"]
[Result "0-1"]
[WhiteElo "1908"]
[BlackElo "1950"]
[Opening "Sicilian defense"]
[ECO "B40"]
[Time "13:16:46"]
[TimeControl "2700+45"]

1. e4 c5 2. Nf3 e6 3. c3 Ne7 4. d4 cxd4 5. cxd4 d5 6. Nc3 dxe4 7. Nxe4 Nd5 8.
Bd2 Be7 9. Bd3 O-O 10. O-O b6 11. Qe2 Nd7 12. Rac1 Bb7 13. a3 Rc8 14. Ba6 Rxc1
15. Rxc1 Qb8 16. Bb5 N5f6 17. Nc3 Rd8 18. Rd1 Qa8 19. Bf4 a6 20. Ba4 b5 21. Bc2
Nb6 22. Bc7 Rd6 23. Bxd6 Bxd6 24. Bb3 Nh5 25. Ng5 Nf4 26. Qc2 g6 27. f3 Qd8 28.
Nge4 Bb8 29. Nc5 Bc8 30. a4 b4 31. N3e4 Nbd5 32. Qf2 a5 33. Kh1 Qc7 34. g3 Nh5
35. Re1 Ba7 36. Bxd5 exd5 37. g4 dxe4 38. gxh5 Bxc5 39. dxc5 gxh5 40. Rg1+ Kf8
41. Qd4 exf3 42. Qh8+ Ke7 43. Re1+ Be6 44. Qd4 Qc6 45. Kg1 Qxa4 46. Qh4+ Kd7 47.
Qxh5 Qc2 48. Qxf3 Qxc5+ 49. Kf1 Bc4+ 50. Re2 Qc6 51. Qg4+ Qe6 52. Qd4+ Kc8 53.
Qc5+ Kb7 {White resigns} 0-1

[Event "Team 45 45 League T56"]
[Site "Internet Chess Club"]
[Date "2013.03.31"]
[Round "6"]
[White "SaltofLife"]
[Black "koni"]
[Result "1/2-1/2"]
[WhiteElo "1920"]
[BlackElo "1930"]
[Opening "Philidor: Improved Hanham variation"]
[ECO "B07"]
[Time "13:01:35"]
[TimeControl "2700+45"]

1. d4 d6 2. e4 Nf6 3. Nc3 e5 4. Nf3 Nbd7 5. g3 Be7 6. Bg2 O-O 7. O-O c6 8. a4 a5
9. h3 Re8 10. Be3 Qc7 11. Nd2 Nf8 12. f4 Ne6 13. Nf3 exf4 14. gxf4 d5 15. e5 Nh5
16. Ng5 g6 17. Nxf7 Kxf7 18. f5 Neg7 19. Nxd5 cxd5 20. Bxd5+ Be6 21. Bxe6+ Nxe6
22. fxg6+ Kxg6 23. Kh2 Bg5 24. Rg1 Kh6 25. Bxg5+ Nxg5 26. Qd2 Rxe5 27. dxe5
Qxe5+ 28. Kh1 Ng3+ 29. Rxg3 Qxg3 30. Ra3 Qh4 31. Qd6+ Kh5 32. Qd1+ Kh6 33. Qd6+
Kg7 34. Qe7+ Kg8 35. Qxb7 Qe4+ 36. Qxe4 Nxe4 37. Rf3 Rf8 38. Re3 Re8 39. Rf3 Rf8
40. Re3 Rf4 41. b3 Kf7 42. c3 Ke6 43. b4 axb4 44. cxb4 Kd5 45. a5 Kd4 46. Ra3
Kc4 47. a6 Rf8 48. Re3 Kd4 49. Ra3 Nc3 50. Ra5 Kc4 51. a7 Ra8 52. Rc5+ Kxb4 53.
Rc7 h5 54. Rh7 Ne2 55. Kh2 Nf4 56. Kg3 Nxh3 57. Kxh3 {Game drawn by mutual
agreement} 1/2-1/2

[Event "Team 45 45 League T56"]
[Site "Internet Chess Club"]
[Date "2013.04.01"]
[Round "6"]
[White "infiniteshug"]
[Black "fishhead"]
[Result "1-0"]
[WhiteElo "1843"]
[BlackElo "1871"]
[Opening "Sicilian: closed"]
[ECO "B23"]
[Time "10:58:03"]
[TimeControl "2700+45"]

1. e4 c5 2. Nc3 e6 3. f4 d6 4. Nf3 a6 5. g3 Be7 6. Bg2 Nf6 7. d3 Qc7 8. e5 Nfd7
9. exd6 Bxd6 10. O-O Nc6 11. Qe2 O-O 12. Ne4 Be7 13. b3 Nf6 14. Bb2 Nd5 15. c4
Nb6 16. d4 f6 17. dxc5 Nd7 18. Qe3 Nb4 19. Nd4 Nxc5 20. a3 Nbd3 21. Nxc5 Nxc5
22. b4 Bd7 23. bxc5 Bxc5 24. Rae1 Rad8 25. Kh1 Qb6 26. Qc3 Rfe8 27. Nb3 Rc8 28.
Nxc5 Qxc5 29. Bxb7 Bc6+ 30. Bxc6 Qxc6+ 31. Kg1 Qxc4 32. Qxc4 Rxc4 33. Re2 Kf7
34. Rd1 Rc6 35. Rd7+ Re7 36. Rxe7+ Kxe7 37. Kf2 Rb6 38. Bd4 Rb5 39. a4 Ra5 40.
Ra2 e5 41. fxe5 fxe5 42. Bc3 Rd5 43. Ke3 Ke6 44. Rb2 Rd6 45. Ke4 Rc6 46. Bxe5
Rc4+ 47. Bd4 Rxa4 48. Rb6+ Kf7 49. Rb7+ Kf8 50. Kd5 h5 51. Ke6 Kg8 52. Rxg7+ Kf8
53. Rd7 Kg8 54. Rd8+ Kh7 55. Kf7 {Black resigns} 1-0

[Event "Team 45 45 League T56"]
[Site "Internet Chess Club"]
[Date "2013.04.01"]
[Round "6"]
[White "searchforbobby1"]
[Black "Warren"]
[Result "0-1"]
[WhiteElo "2149"]
[BlackElo "2293"]
[Opening "Sicilian: Alapin's variation (2.c3)"]
[ECO "B22"]
[Time "23:04:36"]
[TimeControl "2700+45"]

1. e4 c5 2. c3 Nf6 3. e5 Nd5 4. d4 e6 5. Nf3 cxd4 6. cxd4 b6 7. Nc3 Nxc3 8. bxc3
Qc7 9. Bd2 Bb7 10. Bd3 d6 11. O-O Nd7 12. Re1 dxe5 13. Nxe5 Nxe5 14. Rxe5 Bd6
15. Rh5 g6 16. Rh3 O-O 17. Qe2 Bf4 18. Re1 Rac8 19. Bb1 Bd5 20. Rc1 Bc4 21. Qd1
Rfd8 22. Rh4 Bxd2 23. Qxd2 f5 24. Qg5 Rd7 25. Rh3 b5 26. Re3 Qd8 27. Qxd8+ Rcxd8
28. a3 Kf7 29. f3 Rc7 30. Kf2 Rdc8 31. f4 Rc6 32. Bd3 Ra6 33. Ra1 Rac6 34. Rc1
Ra6 35. Ra1 Bxd3 36. Rxd3 Rac6 37. Rc1 a5 38. d5 exd5 39. Rxd5 Rxc3 40. Re1 Rc2+
41. Kg3 R8c3+ 42. Kh4 Rxg2 43. Rd7+ Kf6 44. h3 Rgg3 45. Rd6+ Kg7 46. Rh1 Rgf3
47. Rb6 Rxf4+ 48. Kg5 Rfc4 49. Rb7+ Rc7 50. Rxb5 R3c4 {White resigns} 0-1

[Event "Team 45 45 League T56"]
[Site "Internet Chess Club"]
[Date "2013.04.01"]
[Round "6"]
[White "steadman"]
[Black "lluisdp"]
[Result "1-0"]
[WhiteElo "2111"]
[BlackElo "1999"]
[Opening "King's Indian: orthodox, Aronin-Taimanov, 9.Ne1"]
[ECO "E98"]
[Time "20:00:13"]
[TimeControl "2700+45"]

1. d4 Nf6 2. Nf3 g6 3. c4 Bg7 4. Nc3 d6 5. e4 O-O 6. Be2 e5 7. O-O Nc6 8. d5 Ne7
9. Ne1 Ne8 10. Nd3 f5 11. f3 f4 12. Bd2 g5 13. Rc1 Ng6 14. c5 Rf7 15. cxd6 cxd6
16. Nf2 Bf8 17. Nb5 h5 18. a4 Rg7 19. a5 Nf6 20. h3 Nh4 21. b4 g4 22. fxg4 hxg4
23. hxg4 a6 24. Na3 b5 25. Rc3 Qe8 26. Rh3 Ng6 27. Kh2 Nh7 28. Rh1 Ng5 29. Rh5
Be7 30. Kg1 Bf6 31. Nc2 Qe7 32. Ne1 Qa7 33. Kf1 Qe7 34. Nf3 Bd7 35. Nxg5 Bxg5
36. Nh3 Bh4 37. Be1 Bxe1 38. Qxe1 Rc8 39. Nf2 Kf7 40. g5 Rcg8 41. Bg4 Nf8 42.
Bxd7 Qxd7 43. Nh3 Qc8 44. Kg1 Qc4 45. Kh2 Ng6 46. Nf2 Nf8 47. Ng4 Rxg5 48. Rxg5
Rxg5 49. Qh4 Rg6 50. Re1 Qc3 51. Rf1 Qc8 52. Nh6+ Ke8 53. Nf5 Qd8 54. Qxd8+ Kxd8
55. Rc1 Nh7 56. Rc6 Kd7 57. Rxa6 Ng5 58. Ra7+ Kd8 59. a6 Nxe4 60. Rh7 f3 61.
gxf3 Nd2 62. a7 Nxf3+ 63. Kh3 {Black resigns} 1-0

[Event "Team 45 45 League T56"]
[Site "Internet Chess Club"]
[Date "2013.04.02"]
[Round "6"]
[White "Burning-Bush"]
[Black "Colombiano07"]
[Result "1-0"]
[WhiteElo "2063"]
[BlackElo "1851"]
[Opening "Budapest defense declined"]
[ECO "A51"]
[Time "22:05:57"]
[TimeControl "2700+45"]

1. d4 Nf6 2. c4 e5 3. d5 Bc5 4. e3 d6 5. Nc3 Bf5 6. h3 Bg6 7. Nf3 Nbd7 8. Be2
O-O 9. Nh4 Nxd5 10. Nxd5 Qxh4 11. Nxc7 Rac8 12. Nd5 Nb6 13. Nxb6 Bxb6 14. O-O
Rcd8 15. Kh2 Kh8 16. g3 Qe7 17. a4 f5 18. b4 a6 19. Bf3 f4 20. exf4 e4 21. Bg4
Qf7 22. Be2 h5 23. Be3 Bc7 24. Rc1 h4 25. Qd4 Bf5 26. Rfd1 Qd7 27. g4 Bh7 28.
Qd5 Qxa4 29. Qxb7 Bb8 30. Rd5 Rd7 31. Qa8 Rdf7 32. Bd1 Qa3 33. Qc6 Qxb4 34. Qxa6
Qb2 35. Rc2 Qb4 36. Kg2 Rc7 37. Qb5 Qa3 38. c5 Rfc8 39. cxd6 Rxc2 40. Bxc2 Rxc2
41. Qxb8+ Bg8 42. Rh5# {Black checkmated} 1-0

[Event "Team 45 45 League T56"]
[Site "Internet Chess Club"]
[Date "2013.03.31"]
[Round "6"]
[White "Kueh"]
[Black "PopolVuh"]
[Result "1/2-1/2"]
[WhiteElo "2020"]
[BlackElo "1960"]
[Opening "French: Tarrasch"]
[ECO "C03"]
[Time "18:00:05"]
[TimeControl "2700+45"]

1. e4 e6 2. d4 d5 3. Nd2 Be7 4. Bd3 c5 5. c3 Nc6 6. Ne2 cxd4 7. cxd4 dxe4 8.
Nxe4 Nf6 9. O-O O-O 10. Be3 Nb4 11. Rc1 Nxd3 12. Qxd3 Bd7 13. Nxf6+ Bxf6 14. d5
Bc6 15. Nf4 Bxd5 16. Nxd5 Qxd5 17. Qxd5 exd5 18. Rfd1 Rfd8 19. Rc7 b6 20. Bd4
Rdc8 21. Rxc8+ Rxc8 22. Bxf6 gxf6 23. f3 Rc2 24. b4 Rxa2 25. Rxd5 Rb2 26. Rd7
Rxb4 27. Rxa7 Rb2 28. Rb7 b5 29. h4 Kg7 30. Kh2 b4 31. h5 b3 32. Kg3 Rb1 33. Kg4
b2 34. Rb6 h6 35. Rb8 Kh7 {Game drawn by mutual agreement} 1/2-1/2

[Event "Team 45 45 League T56"]
[Site "Internet Chess Club"]
[Date "2013.03.29"]
[Round "6"]
[White "eurander"]
[Black "Morovon23"]
[Result "1/2-1/2"]
[WhiteElo "2121"]
[BlackElo "2317"]
[Opening "Scandinavian defense"]
[ECO "B01"]
[Time "16:00:06"]
[TimeControl "2700+45"]

1. e4 d5 2. exd5 Nf6 3. Nc3 Nxd5 4. g3 e5 5. Bg2 Nxc3 6. bxc3 Nc6 7. Qe2 Bd6 8.
Nf3 O-O 9. d3 h6 10. O-O Bg4 11. Qe4 Qd7 12. Bd2 Bf5 {Game drawn by mutual
agreement} 1/2-1/2